 Dungeon Crawl Stone Soup version 0.23.2-1-ga50397a (webtiles) character file.

Game seed: 17774499171407853254

286 dvd the Stinger (level 6, -1/32 HPs)
             Began as a Deep Elf Venom Mage on May 1, 2019.
             Slain by a centaur skeleton (5 damage)
             ... on level 4 of the Dungeon.
             The game lasted 00:07:11 (3777 turns).

dvd the Stinger (Deep Elf Venom Mage)               Turns: 3777, Time: 00:07:12

Health: -1/32      AC:  2    Str:  5    XL:     6   Next: 8%
Magic:  15/15      EV: 18    Int: 22    God:
Gold:   111        SH:  0    Dex: 20    Spells: 4/14 levels left

rFire    . . .     SeeInvis .   a - +3 dagger
rCold    . . .     Gourm    .   (no shield)
rNeg     . . .     Faith    .   u - +0 robe
rPois    .         Spirit   .   (no helmet)
rElec    .         Reflect  .   m - scarf {repulsion}
rCorr    .         Harm     .   (no gloves)
MR       .....                  (no boots)
Stlth    ++++......             (no amulet)
HPRegen  0.10/turn              (no ring)
MPRegen  0.14/turn              (no ring)

@: agile, repel missiles
A: no striking features
a: no special abilities


You were on level 4 of the Dungeon.
You were not hungry.

You visited 1 branch of the dungeon, and saw 4 of its levels.

You collected 111 gold pieces.

Inventory:

Hand Weapons
 a - a +3 dagger (weapon)
 j - a +0 hand axe
 n - a +3 hand axe
 s - a +0 blowgun
 y - a +0 long sword
Missiles
 g - 5 tomahawks of dispersal (quivered)
 t - 7 curare-tipped needles
Armour
 m - a scarf of repulsion (worn)
 p - a +0 cloak
 u - a +0 robe (worn)
Scrolls
 b - a scroll of remove curse {unknown}
 d - 4 scrolls of teleportation {unknown}
 e - a scroll of enchant weapon {unknown}
 l - 2 scrolls of noise {unknown}
 o - 3 scrolls of identify {unknown}
 r - 2 scrolls of immolation {unknown}
 v - a scroll of random uselessness {unknown}
Potions
 f - a potion of agility
 h - a potion of mutation {unknown}
 i - a potion of berserk rage {unknown}
 k - 2 potions of flight {unknown}
 q - a potion of heal wounds {unknown}
 w - a potion of might {unknown}
Comestibles
 c - 6 rations
 x - 11 chunks of flesh


   Skills:
 + Level 2.7 Dodging
 + Level 3.1 Stealth
 + Level 4.8 Spellcasting
 + Level 1.5 Conjurations
 + Level 2.3 Air Magic
 + Level 5.6 Poison Magic


You had 4 spell levels left.
You knew the following spells:

 Your Spells              Type           Power        Failure   Level  Hunger
a - Sting                 Conj/Pois      ###.         2%          1    None
b - Poisonous Vapours     Pois/Air       ###...       3%          2    None
c - Mephitic Cloud        Conj/Pois/Air  ###.....     9%          3    ##.....
d - Olgreb's Toxic Radia  Pois           ####....     11%         4    ####...

Your spell library contained the following spells:

 Spells                   Type           Power        Failure   Level  Hunger
 Venom Bolt               Conj/Pois      ###.......   54%         5    #####..


Dungeon Overview and Level Annotations

Branches:
Dungeon (4/15)
 Temple: D:4-7

Altars:
Elyvilon
Qazlal
Xom
Zin


Message History

The centaur skeleton misses you.
You hit the centaur skeleton.
The centaur skeleton is moderately damaged.
The centaur skeleton hits you.
You hit the centaur skeleton.
The centaur skeleton is heavily damaged.
The centaur skeleton hits you. The centaur skeleton barely misses you.
You hit the centaur skeleton.
The centaur skeleton is heavily damaged.
The centaur skeleton hits you!
* * * LOW HITPOINT WARNING * * *
The centaur skeleton hits you.
* * * LOW HITPOINT WARNING * * *
It was a potion of agility.
You feel agile all of a sudden.
The centaur skeleton completely misses you.
You hit the centaur skeleton.
The centaur skeleton is heavily damaged.
The centaur skeleton hits you.
You die...

.)##..................##..###.#
)###...#.............####..##.##
.####..#...............##......##
###.).###........#..............#
...)..###.......##...............
.....###.........#...............
.....###.................#.......
...........#...........###.......
.........###..##@..>...#...#.....
...#..#....#..#.Z..........#.....
.....###.............#..##.......
.....# .(..[.........#...##..#...
...... .........##...!#........#.
....##....#...... ##....##
....#............ ....o .
..#.........#) ##.#>........#


You could see a centaur skeleton.

Vanquished Creatures
  An ogre (D:4)
  A scorpion (D:4)
  A hound (D:4)
  A gnoll (D:1)
  6 adders
  4 worms
  2 leopard geckos
  4 orcs (D:3)
  A giant cockroach (D:2)
  4 goblins
  11 hobgoblins
  3 kobolds
  4 quokkas
  3 bats
  7 frilled lizards
  2 rats
55 creatures vanquished.

Notes
Turn   | Place    | Note
-------+----------+-------------------------------------------
     0 | D:1      | dvd the Deep Elf Venom Mage began the quest for the Orb.
     0 | D:1      | Reached XP level 1. HP: 10/10 MP: 6/6
    60 | D:1      | Reached XP level 2. HP: 11/15 MP: 5/8
   130 | D:1      | Learned a level 2 spell: Poisonous Vapours
   921 | D:2      | Reached skill level 4 in Poison Magic
   921 | D:2      | Reached XP level 3. HP: 19/19 MP: 3/9
   926 | D:2      | Learned a level 3 spell: Mephitic Cloud
  1365 | D:2      | Reached XP level 4. HP: 22/24 MP: 3/11
  2228 | D:2      | Learned a level 4 spell: Olgreb's Toxic Radiance
  2338 | D:3      | Reached skill level 1 in Air Magic
  2451 | D:3      | Found a glowing silver altar of Zin.
  2482 | D:3      | Found a white marble altar of Elyvilon.
  2546 | D:3      | Found a shimmering altar of Xom.
  2548 | D:3      | Found a stormy altar of Qazlal.
  3445 | D:4      | Reached skill level 5 in Poison Magic
  3445 | D:4      | Reached XP level 5. HP: 25/28 MP: 4/13
  3454 | D:4      | Noticed an ogre
  3560 | D:4      | Killed an ogre
  3560 | D:4      | Reached XP level 6. HP: 32/32 MP: 8/15
  3777 | D:4      | Slain by a centaur skeleton

Skill      XL: |  1  2  3  4  5 |
---------------+----------------+-----
Poison Magic   | 4 5 |  5.6
Stealth        | 3 |  3.1
Air Magic      | 1 2 |  2.3
Spellcasting   | 4 |  4.8
Dodging        | |  2.7
Conjurations   | |  1.5

Action                   |  1- 3 |  4- 6 || total
-------------------------+-------+-------++-------
Melee: Unarmed           |     1 |       ||     1
       Dagger            |       |    11 ||    11
 Cast: Sting             |    22 |    37 ||    59
       Poisonous Vapours |    13 |    35 ||    48
       Mephitic Cloud    |     1 |       ||     1
       Olgreb's Toxic Ra |       |     3 ||     3
  Use: Potion            |       |     1 ||     1
 Stab: Sleeping          |       |     2 ||     2
  Eat: Chunk             |     1 |     9 ||    10
Armor: Robe              |     3 |     3 ||     6
Dodge: Dodged            |     7 |    20 ||    27
